 Dungeon Crawl Stone Soup version 0.30-a0-341-g682706514a (webtiles) character file.

Game seed: 11792823857264834692

858 lunkers the Trooper (level 8, -14/71 HPs)
             Began as a Meteoran Fighter on Nov 1, 2022.
             Was a Follower of the Shining One.
             Killed from afar by a steam dragon (22 damage)
             ... with a ball of steam
             ... on level 5 of the Dungeon.
             The game lasted 00:07:42 (1900 turns).

lunkers the Trooper (Meteoran Fighter)              Turns: 1900, Time: 00:07:43

Health: -14/71     AC: 14    Str: 26    XL:     8   Next: 46%
Magic:  9/9        EV:  9    Int: 10    God:    the Shining One [*.....]
Gold:   175        SH:  5    Dex: 13    Spells: 7/7 levels left

rFire   . . .      SeeInvis .    a - +1 whip (elec)
rCold   . . .      Faith    .    c - +0 buckler
rNeg    . . .      Spirit   .    o - +3 scale mail
rPois   .          Reflect  .    (no helmet)
rElec   .          Harm     .    k - +0 cloak
rCorr   .          Rampage  .    (no gloves)
Will    +....                    C - +2 pair of boots
Stlth   ..........               (no amulet)
HPRegen 0.31/turn                B - +6 ring of strength
MPRegen 0.11/turn                (no ring)

@: lethally poisoned (-14 -> -15), glowing
A: sense surroundings 1, otherworldly, glowing, explore regen
a: Renounce Religion, Divine Shield


You were on level 5 of the Dungeon.
You worshipped the Shining One.
The Shining One was aware of your devotion.
You visited 1 branch of the dungeon, and saw 5 of its levels.
You also visited: Sewer.

You collected 175 gold pieces.

Inventory:

Hand Weapons
 a - a +1 whip of electrocution (weapon)
 b - a +1 dagger of venom
 g - a +2 sling of freezing
 w - a +0 rapier
 y - a +0 morningstar
Missiles
 e - 4 boomerangs
 j - 5 curare-tipped darts
 q - 4 poisoned darts
 u - 9 stones
Armour
 c - a +0 buckler (worn)
 k - a +0 cloak (worn)
 o - a +3 scale mail (worn)
 C - a +2 pair of boots (worn)
Jewellery
 B - a +6 ring of strength (left hand)
 F - a ring of ice
Wands
 h - a wand of acid (7)
 s - a wand of flame (23)
Scrolls
 n - a scroll of butterflies {unknown}
 p - a scroll of silence {unknown}
 v - a scroll of magic mapping {unknown}
 x - a scroll of enchant weapon {unknown}
 z - a scroll of torment {unknown}
 A - a scroll of teleportation {unknown}
 G - a scroll of enchant armour {unknown}
Potions
 d - 2 potions of lignification
 f - 2 potions of berserk rage
 i - a potion of flight {unknown}
 l - 2 potions of degeneration {unknown}
 m - 2 potions of ambrosia {unknown}
 r - 2 potions of heal wounds {unknown}
 t - 4 potions of curing
 D - a potion of cancellation {unknown}
 E - a potion of invisibility {unknown}


   Skills:
 - Level 6.6 Fighting
 - Level 6.0 Short Blades
 + Level 6.0 Maces & Flails
 - Level 3.6 Armour
 - Level 3.6 Shields


You had 7 spell levels left.
You didn't know any spells.
Your spell library was empty.

Dungeon Overview and Level Annotations

Branches:
Dungeon (5/15) Zot: 1292    Sewer (visited)
 Temple: D:4-7

Altars:
The Shining One

Shops:
D:3 !   D:4 =   D:5 ?*((


Innate Abilities, Weirdness & Mutations

You passively map a small area around you.
You are easily found by Zot.
You glow in the dark.
You regain HP and MP as you explore.


Message History

Dowan seems to find hidden reserves of power!
You are engulfed in a cloud of scalding steam.
You feel sick. Dowan gestures at you while chanting. The stone arrow hits you.
* * * LOW HITPOINT WARNING * * *
The steam dragon breathes steam at you. The ball of steam hits you!!
* * * LOW HITPOINT WARNING * * *
Your Maces & Flails skill increases to level 6!
You are engulfed in a cloud of scalding steam.
You feel sick.
Unknown command.
Aiming: Corrosive Bolt
Press: ? - help, Shift-Dir - straight line, f - steam dragon
Aim: a steam dragon (steam, catching its breath, 71% to hit)
The bolt of acid hits the steam dragon!
The acid corrodes the steam dragon!
The steam dragon is heavily wounded.
You are engulfed in a cloud of scalding steam.
* * * LOW HITPOINT WARNING * * *
You feel sick.
You hit the steam dragon.
The steam dragon is heavily wounded.
You feel sick. You block the steam dragon's attack. The steam dragon claws you.
* * * LOW HITPOINT WARNING * * *
The iguana is engulfed in a cloud of scalding steam.
Aiming: Corrosive Bolt
Press: ? - help, Shift-Dir - straight line, f/p - steam dragon
Aim: a steam dragon (steam, heavily wounded, covered in acid, haloed, 81% to hit)
The bolt of acid hits the steam dragon!
The steam dragon seems to be corroded for longer.
The steam dragon is almost dead.
The bolt of acid hits the iguana!
You kill the iguana!
The bolt of acid hits Dowan!
The acid corrodes Dowan!
You kill Dowan!
You feel sick. The steam dragon breathes steam at you.
The ball of steam hits you!!
You die...

#.# #.# * * #.# #!#
#.###.### * * #.#
.... * * #.###.#* , *
##, *
#####.'∩'.#####.##..
, #.....###......#..
#.######...####.##.##
#....@D)).....
####....######.#. *
......(..#* *
###........!.# *
#.......#### , *
##'#.....#* ,,,, ,
*#∩#...#.# *, *
###.#.#.#⌠ , #.
..,∩..#, ,


You could see a steam dragon (catching breath, corroded).

Vanquished Creatures
  Duvessa (D:5)
  Pargi (Sewer)
  An ogre (D:5)
  2 scorpions
  Dowan (D:5)
  4 hounds
  2 orc priests
  Crazy Yiuf (D:2)
  2 iguanas
  Natasha (thrice) (D:4)
  2 orc wizards
  2 river rats (D:4)
  2 adders
  An ufetubus (D:5)
  2 worms
  A dart slug (D:1)
  9 orcs
  3 ball pythons
  3 endoplasms
  5 giant cockroaches
  8 goblins
  9 hobgoblins
  6 quokkas
  2 bats
  3 frilled lizards
  8 kobolds
  4 rats
88 creatures vanquished.

Notes
Turn   | Place    | Note
-------+----------+-------------------------------------------
     0 | D:1      | lunkers the Meteoran Fighter began the quest for the Orb.
     0 | D:1      | Reached XP level 1. HP: 19/19 MP: 2/2
   108 | D:1      | Reached XP level 2. HP: 26/26 MP: 3/3
   203 | D:2      | Reached XP level 3. HP: 26/31 MP: 4/4
   265 | D:2      | Found a glowing golden altar of the Shining One.
   297 | D:2      | Became a worshipper of the Shining One
   331 | D:2      | Found a runed translucent door.
   332 | D:2      | Noticed Crazy Yiuf
   338 | D:2      | Paralysed by Crazy Yiuf for 2 turns
   342 | D:2      | The Shining One protects you from harm!
   346 | D:2      | Killed Crazy Yiuf
   347 | D:2      | Reached XP level 4. HP: 4/40 MP: 3/5
   587 | D:3      | Found Qyloy's Distillery.
  1000 | D:4      | Reached XP level 5. HP: 23/46 MP: 6/6
  1011 | D:4      | Reached skill level 5 in Short Blades
  1011 | D:4      | Reached XP level 6. HP: 36/52 MP: 7/7
  1016 | D:4      | Noticed Natasha
  1052 | D:4      | Killed Natasha
  1078 | D:4      | Noticed Natasha
  1090 | D:4      | Killed Natasha
  1096 | D:4      | Found Qiustruve's Jewellery Shop.
  1145 | D:4      | Reached skill level 5 in Fighting
  1154 | D:4      | Reached XP level 7. HP: 46/61 MP: 8/8
  1165 | D:5      | Entered Level 5 of the Dungeon
  1428 | D:4      | Noticed Natasha
  1442 | D:4      | Killed Natasha
  1477 | D:4      | Reached skill level 1 in Maces & Flails
  1482 | D:4      | Reached * piety under the Shining One
  1519 | D:4      | Found a glowing drain.
  1533 | Sewer    | Entered a sewer
  1634 | Sewer    | Noticed Pargi
  1637 | Sewer    | Killed Pargi
  1638 | Sewer    | Reached XP level 8. HP: 70/71 MP: 9/9
  1769 | D:5      | Found Vank's Magic Scroll Emporium.
  1862 | D:5      | Reached skill level 5 in Maces & Flails
  1871 | D:5      | Found Bavvuef's General Store.
  1878 | D:5      | Found Paucs's Weapon Shop.
  1881 | D:5      | Found Oraz's Antique Weapon Boutique.
  1881 | D:5      | Noticed Duvessa
  1881 | D:5      | Noticed Dowan
  1884 | D:5      | Noticed a steam dragon
  1896 | D:5      | Killed Duvessa
  1900 | D:5      | Killed Dowan
  1900 | D:5      | Killed from afar by a steam dragon

Illustrated notes

Levels and vault maps discovered:
D:1:      psy_arrival_wood_between_worlds, layout_basic
D:2:      layout_rooms, basic_altar, uniq_crazy_yiuf_cottage
D:3:      layout_basic, serial_shops, nicolae_lakefront_shop
D:4:      layout_rooms, portal_sewer_entry_e, serial_shops,
          nicolae_shop_advertising_works [nicolae_subvault_shop_adworks],
          uniq_natasha
D:5:      layout_loops_ring, nzn_overflow_gifts_of_might_and_magic,
          gammafunk_ghost_nasty_kobolds, serial_shops,
          nicolae_shop_window_shopping, kennysheep_mini, nicolae_shop_crystal,
          shop, nicolae_shop_trees, uniq_duvessa

Skill      XL: |  1  2  3  4  5  6  7  8 |
---------------+-------------------------+-----
Short Blades   | 3 4 5 6 |  6.0
Fighting       | 4 5 6 |  6.6
Maces & Flails | 4 6 |  6.0
Armour         | |  3.6
Shields        | |  3.6

Action                   |  1- 3 |  4- 6 |  7- 9 || total
-------------------------+-------+-------+-------++-------
Melee: Rapier            |    75 |    50 |       ||   125
       Dagger            |       |    92 |    60 ||   152
       Whip              |       |       |    59 ||    59
Throw: Boomerang         |     1 |       |       ||     1
Evoke: Wand              |       |       |     3 ||     3
  Use: Potion            |     1 |       |       ||     1
       Scroll            |       |       |     4 ||     4
Armor: Scale mail        |    31 |    78 |    61 ||   170
Dodge: Dodged            |    28 |    48 |    34 ||   110
Block: Buckler           |    18 |    32 |    20 ||    70

Table legend: (Time is in decaauts)
 A = Elapsed time spent in this place.
 B = Non-inter-level travel time spent in this place.
 C = Inter-level travel time spent in this place.
 D = Time resting spent in this place.
 E = Time spent auto-exploring this place.
 F = Levels seen in this place.
 G = Mean time per level.
                   A        B        C        D        E       F      G
               +--------+--------+--------+--------+--------+-----+--------+
         Total |   1872 |   1787 |     85 |      0 |   1055 |   6 |  312.0 |
       Dungeon |   1706 |   1621 |     85 |      0 |    943 |   5 |  341.2 |
         Sewer |    166 |    166 |      0 |      0 |    112 |   1 |  166.0 |
               +--------+--------+--------+--------+--------+-----+--------+

Top non-repeatable levels by time:
     D:3: 537 daAuts
     D:4: 480 daAuts
     D:2: 261 daAuts
     D:5: 253 daAuts
     D:1: 174 daAuts
   Sewer: 166 daAuts
